 Dungeon Crawl Stone Soup version 0.17-a0-1421-g95311d7 (webtiles) character file.

84 Gorice the Ruffian (level 4, -1/36 HPs)
             Began as a Ghoul Wanderer on June 24, 2015.
             Was an Initiate of Makhleb.
             Slain by a giant gecko (4 damage)
             ... on level 2 of the Dungeon.
             The game lasted 00:06:46 (1457 turns).

Gorice the Ruffian (Ghoul Wanderer)                 Turns: 1457, Time: 00:06:46

Health: -1/36      AC:  9    Str: 18    XL:     4   Next: 45%
Magic:  3/3        EV:  9    Int:  5    God:    Makhleb [......]
Gold:   132        SH:  0    Dex:  8    Spells: 0 memorised, 3 levels left

rFire  . . .     SeeInvis .       - Unarmed
rCold  + . .     Clarity  .     a - +3 scale mail
rNeg   + + +     SustAt   .     (no shield)
rPois  ∞         Gourm    .     (no helmet)
rElec  .         Spirit   .     (no cloak)
rCorr  .         Warding  .     (no gloves)
rMut   .         Stasis   .     (no boots)
MR     .....                    (no amulet)
Stlth  +.........               (no ring)
                                (no ring)

@: rotting, not resistant to hostile enchantments, very unstealthy
A: rotting body, claws 1, carnivore 3, cold resistance 1, negative energy
resistance 3, slow healing 1, torment resistance, unbreathing
a: Renounce Religion


You were on level 2 of the Dungeon.
You worshipped Makhleb.
Makhleb was noncommittal.
You were not hungry.

You visited 1 branch of the dungeon, and saw 3 of its levels.

You collected 132 gold pieces.

Inventory:

Hand weapons
 b - a +0 shortbow
 e - a +0 dagger
 m - a +0 hunting sling
 o - a +1 dagger of venom
   (You found it on level 2 of the Dungeon)
Missiles
 c - 21 arrows
 k - 13 poisoned needles
 p - 6 needles of paralysis
 Z - 65 stones (quivered)
Armour
 a - a +3 scale mail (worn)
Magical devices
 s - a wand of slowing (26)
Scrolls
 d - 2 scrolls of teleportation {!r}
Potions
 h - 3 potions of heal wounds {!q}
 i - a potion of mutation {unknown}
 j - a potion of agility {unknown}
 l - 2 potions of curing {unknown}
 n - a potion of degeneration {unknown}
 q - a potion of cure mutation {unknown}
Comestibles
 f - 4 meat rations {!e}
 r - a beef jerky
 t - 3 chunks of flesh


   Skills:
 - Level 2.1 Fighting
 - Level 1.7 Bows
 - Level 1.0 Armour
 - Level 1.0 Dodging
 - Level 3.2 Stealth
 * Level 4.5 Unarmed Combat


You had 3 spell levels left.
You didn't know any spells.

Dungeon Overview and Level Annotations

Branches:
Dungeon (3/15)

Altars:
Dithmenos
Gozag
Kikubaaqudgha
Makhleb
Vehumet


Innate Abilities, Weirdness & Mutations

Your body is rotting away.
You thrive on raw meat.
You are immune to poison.
You have sharp fingernails.
You are carnivorous and can eat meat at any time.
Your flesh is cold resistant.
You are immune to negative energy.
You heal slowly when monsters are visible.
You are immune to unholy pain and torment.
You can survive without breathing.


Message History

You scratch the gnoll.
The gnoll begins to bleed from its wounds!
The gnoll is moderately wounded.
The gnoll hits you but does no damage.
You completely miss the gnoll.
The gnoll is moderately wounded.
The gnoll hits you but does no damage.
You claw the gnoll!
The gnoll is severely wounded.
The gnoll hits you but does no damage.
You scratch the gnoll.
The gnoll is almost dead.
The gnoll hits you but does no damage.
You claw the gnoll!
You kill the gnoll!
Makhleb accepts your kill.
You closely miss the giant gecko. The giant gecko barely misses you.
The gnoll hits you but does no damage.
You barely miss the giant gecko. The giant gecko bites you.
The gnoll misses you. The giant gecko barely misses you.
Damage: 3 (max 4)
You scratch the giant gecko.
The giant gecko begins to bleed from its wounds!
The giant gecko is heavily wounded.
The gnoll hits you but does no damage.
The giant gecko bites you but does no damage.
You closely miss the giant gecko.
The giant gecko is heavily wounded.
The gnoll hits you from afar with a spear!
The giant gecko bites you but does no damage.
Damage: 8 (max 8)
You closely miss the giant gecko.
The giant gecko is heavily wounded.
The giant gecko bites you but does no damage.
The gnoll hits you but does no damage.
You barely miss the giant gecko.
The giant gecko is heavily wounded.
The giant gecko bites you.
The gnoll hits you from afar with a spear.
* * * LOW HITPOINT WARNING * * *
Damage: 7 (max 8)
You closely miss the giant gecko.
The giant gecko is heavily wounded.
The giant gecko is no longer bleeding.
The giant gecko bites you.
* * * LOW HITPOINT WARNING * * *
Damage: 4 (max 8)
You miss the giant gecko.
The giant gecko is heavily wounded.
The gnoll closely misses you. The giant gecko bites you.
You die...

##........## #.._..###.#
##........# ##.#.#.##...
##....##.###....>......
#######.##............
#........)...... ###
###............. ##§##
#.............
##...#######....>........
#.......@lg..............
##...#######.............
##§## ##..#...........
### ##..########.....
#...##⌠_..####...
##..#......# ###.
##.###..######..
#.#_...._#.....
#.###..###....>


You could see a gnoll and a giant gecko.

Vanquished Creatures
  2 adders (D:2)
  3 gnolls (D:2)
  2 giant geckos (D:2)
  3 bats
  6 giant cockroaches
  4 goblins
  A hobgoblin (D:1)
  5 kobolds
  4 giant newts (D:2)
  6 rats
36 creatures vanquished.

Notes
Turn   | Place    | Note
--------------------------------------------------------------
     0 | D:1      | Gorice the Ghoul Wanderer began the quest for the Orb.
     0 | D:1      | Gorice set off with: a +2 scale mail, a +0 shortbow, 21 arrows, a scroll of teleportation {!r}, a +0 dagger, a meat ration {!e}
     0 | D:1      | Reached XP level 1. HP: 17/17 MP: 0/0
   277 | D:1      | Reached skill level 2 in Unarmed Combat
   312 | D:1      | Reached XP level 2. HP: 21/24 MP: 1/1
   828 | D:2      | Reached skill level 3 in Unarmed Combat
   907 | D:2      | Reached XP level 3. HP: 25/29 MP: 2/2
   984 | D:2      | Found a shadowy altar of Dithmenos.
  1201 | D:2      | Found an ancient bone altar of Kikubaaqudgha.
  1203 | D:2      | Found an opulent altar of Gozag.
  1205 | D:2      | Found a radiant altar of Vehumet.
  1206 | D:2      | Found a burning altar of Makhleb.
  1341 | D:2      | Became a worshipper of Makhleb the Destroyer
  1402 | D:2      | HP: 6/29 [gnoll/whip (4)]
  1408 | D:2      | Reached skill level 4 in Unarmed Combat
  1408 | D:2      | Reached XP level 4. HP: 8/36 MP: 3/3
  1409 | D:2      | HP: 5/36 [gnoll (3)]
  1410 | D:2      | HP: 1/36 [gnoll (4)]
  1455 | D:2      | HP: 7/36 [gnoll/spear (4)]
  1456 | D:2      | HP: 3/36 [giant gecko (4)]
  1457 | D:2      | Slain by a giant gecko

Vault maps used:
D:1:      lemuel_arrival_rhombus, kennysheep_pointless_box,
          kennysheep_decorative_pillar
D:2:      lemuel_crystal_altar, minitemple
D:3:      cheibrodos_ashenzari_chains, gup_sewer_entry_spiral

Action                   |  1- 3 |  4- 6 || total
-------------------------+-------+-------++-------
Melee: Unarmed           |   134 |    20 ||   154
  Use: Scroll            |     4 |       ||     4
       Potion            |       |     1 ||     1
  Eat: Chunk             |     3 |     2 ||     5

Table legend:
 A = Turns spent in this place as a percentage of turns spent in the entire game.
 B = Non-inter-level travel turns spent in this place as a percentage of non-inter-level travel turns spent in the entire game.
 C = Inter-level travel turns spent in this place as a percentage of turns spent in this place.
 D = Turns resting spent in this place as a percentage of non-inter-level travel turns spent in this place.
 E = Turns spent auto-exploring this place as a percentage of non-inter-level travel turns spent in this place.
 F = Non-inter-level travel turns spent in this place divided by the number of levels of this place that you've seen.
                   A       B       C       D       E      F
               +-------+-------+-------+-------+-------+----------------------
         Total | 100.0 | 100.0 |   0.7 |   0.0 |   5.8 | 200.0
       Dungeon | 100.0 | 100.0 |   0.7 |   0.0 |   5.8 | 200.0
               +-------+-------+-------+-------+-------+----------------------

Vault maps used:
D:1:      lemuel_arrival_rhombus, kennysheep_pointless_box,
          kennysheep_decorative_pillar
D:2:      lemuel_crystal_altar, minitemple
D:3:      cheibrodos_ashenzari_chains, gup_sewer_entry_spiral
